 Dungeon Crawl Stone Soup version 0.29.1-15-g9cfb28693d (webtiles) character file.

Game seed: 3435942637650337622

73 nickaroo1289 the Stinger (level 4, 0/30 HPs)
             Began as a Merfolk Venom Mage on Mar 16, 2023.
             Slain by a quasit (1 damage)
             ... on level 3 of the Dungeon.
             The game lasted 00:25:16 (3383 turns).

nickaroo1289 the Stinger (Merfolk Venom Mage)       Turns: 3383, Time: 00:25:16

Health: 0/30       AC:  2    Str: 10      XL:     4   Next: 27%
Magic:  7/8        EV: 12    Int: 14      God:
Gold:   81         SH:  0    Dex:  7 (14) Spells: 2/8 levels left

rFire   . . .      SeeInvis .   p - +1 war axe (elec)
rCold   . . .      Faith    .   (no shield)
rNeg    . . .      Spirit   .   a - +0 robe
rPois   .          Reflect  .   e - +0 hat
rElec   .          Harm     .   (no cloak)
rCorr   .          Rampage  .   (no gloves)
Will    .....                   (no boots)
Stlth   ++........              (no amulet)
HPRegen 0.10/turn               l - +4 ring of slaying
MPRegen 0.11/turn               (no ring)

@: no status effects
A: (nimble swimmer 2), mertail
a: no special abilities


You were on level 3 of the Dungeon.
You visited 1 branch of the dungeon, and saw 3 of its levels.

You collected 129 gold pieces.
You spent 48 gold pieces at shops.

Inventory:

Hand Weapons
 c - a +0 dagger
 p - a +1 war axe of electrocution (weapon)
Missiles
 o - 4 poisoned darts
Armour
 a - a +0 robe (worn)
 e - a +0 hat (worn)
 g - a +0 barding
Jewellery
 l - a +4 ring of slaying (left hand)
Wands
 j - a wand of iceblast (3)
Scrolls
 d - 2 scrolls of identify
 h - 2 scrolls of teleportation {unknown}
 k - a scroll of butterflies {unknown}
 m - a scroll of amnesia {unknown}
 q - a scroll of fear {unknown}
 s - a scroll of magic mapping {unknown}
Potions
 b - a potion of magic
 f - a potion of ambrosia
 i - 2 potions of curing {unknown}
 n - a potion of heal wounds {unknown}
 r - a potion of berserk rage {unknown}


   Skills:
 - Level 0.2 Short Blades
 + Level 3.0 Dodging
 + Level 2.3 Stealth
 + Level 2.7 Spellcasting
 * Level 0.6 Summonings
 + Level 2.1 Transmutations
 + Level 4.3 Poison Magic


You had 2 spell levels left.
You knew the following spells:

 Your Spells              Type           Power      Damage    Failure   Level
a - Sting                 Tmut/Pois      40%        1d5       6%          1
b - Poisonous Vapours     Pois/Air       14%        N/A       14%         2
c - Call Imp              Summ           3%         N/A       26%         2
d - Magic Dart            Conj           4%         1d3       22%         1

Your spell library contained the following spells:

 Spells                   Type           Power      Damage    Failure   Level
 Freeze                   Ice            4%         1d3       22%         1
 Mephitic Cloud           Conj/Pois/Air  5%         N/A       36%         3
 Olgreb's Toxic Radiance  Pois           14%        N/A       36%         4
 Frozen Ramparts          Ice            2%         1d1       54%         3
 Gell's Gravitas          Tloc           1%         N/A       54%         3
 Teleport Other           Tloc           1%         N/A       54%         3
 Tukima's Dance           Hex            1%         N/A       54%         3
 Hailstorm                Conj/Ice       1%         3d3       91%         4
 Passage of Golubria      Tloc           1%         N/A       91%         4
 Yara's Violent Unravell  Hex/Tmut       2%         3d3       99%         5
 Dispersal                Tloc           0%         N/A       100%        6


Dungeon Overview and Level Annotations

Branches:
Dungeon (3/15)

Altars:

Shops:
D:1 [   D:2 *

Annotations:
D:3 Sanktem7's ghost, amateur MiFi


Innate Abilities, Weirdness & Mutations

((You are very nimble when in or above water. (Stealth+, EV+, Speed+++)))
Your lower body shifts to a powerful aquatic tail in water.


Message History

The iceblast engulfs the quasit!
The quasit partially resists.
The quasit is severely wounded.
The quasit bites you.
You feel clumsy. The quasit claws you.
* * * LOW HITPOINT WARNING * * *
The quasit claws you but does no damage.
The quasit barely misses you. The quasit claws you.
* * * LOW HITPOINT WARNING * * *
You feel clumsy. The quasit claws you.
* * * LOW HITPOINT WARNING * * *
The quasit bites you but does no damage.
The quasit claws you but does no damage.
The quasit closely misses you. The quasit bites you.
* * * LOW HITPOINT WARNING * * *
The quasit claws you but does no damage.
The quasit closely misses you. The quasit bites you.
* * * LOW HITPOINT WARNING * * *
You feel clumsy. The quasit barely misses you. x2
There is a transporter here.
You enter the transporter and appear at another place.
The quasit looks more healthy.
The quasit barely misses you.
The quasit claws you but does no damage. x2
The quasit bites you.
* * * LOW HITPOINT WARNING * * *
You feel clumsy. The quasit barely misses you. The quasit closely misses you.
You hit the quasit. Lightning courses through the quasit!
You kill the quasit!
You miss the quasit.
The quasit bites you but does no damage.
The quasit claws you.
* * * LOW HITPOINT WARNING * * *
The quasit barely misses you.
The quasit bites you but does no damage.
The quasit misses you. The quasit claws you.
You die...

...............................>.
..#.####################.....##.#
#.#.# ######## #......... ..#.#
###.!....## ###......#.# .....
........l ............. ..#...#
#......# #########.#.# ..#...#
#......##### #.#.# ..#...#
#.....5....# ## #.#.# ###...###
###@#### .. #.#.# ........
##©###..##### #.#.# ####..#
#...W..#....# #.#†# ####..#
#...5#...#...## #.#.# ......#
#..##5.#......# #.#.#
#####.###..#.. #..©..##..#. #.#.#
).........##.#.....#.....#.##....
#..##.###.#....###=..##.##.####.#
#......# ##..#..((... #..# #.#


You could see a quasit and a frilled lizard (asleep).

Vanquished Creatures
  A quasit (D:3)
  3 adders
  A dart slug (D:3)
  An orc (D:3)
  4 endoplasms
  2 giant cockroaches
  5 goblins
  4 hobgoblins
  6 ball pythons
  5 bats
  4 frilled lizards
  4 kobolds
  6 rats
46 creatures vanquished.

Notes
Turn   | Place    | Note
-------+----------+-------------------------------------------
     0 | D:1      | nickaroo1289 the Merfolk Venom Mage began the quest for the
                  | Orb.
     0 | D:1      | Reached XP level 1. HP: 13/13 MP: 3/3
   301 | D:1      | Reached XP level 2. HP: 19/19 MP: 3/5
   644 | D:1      | Learned a level 2 spell: Poisonous Vapours
  1400 | D:1      | Found Moris's Antique Armour Shoppe.
  1522 | D:1      | Found a faded altar of an unknown god.
  2070 | D:2      | Found Egik's General Store.
  2084 | D:2      | Bought a scroll of identify for 24 gold pieces
  2084 | D:2      | Bought a scroll of identify for 24 gold pieces
  2115 | D:2      | Reached XP level 3. HP: 24/24 MP: 4/6
  2231 | D:2      | Reached skill level 4 in Poison Magic
  2785 | D:3      | Reached XP level 4. HP: 17/30 MP: 1/7
  2884 | D:3      | Learned a level 2 spell: Call Imp
  2905 | D:3      | Learned a level 1 spell: Magic Dart
  3351 | D:3      | Found a transporter.
  3359 | D:3      | Noticed Sanktem7's ghost (amateur MiFi)
  3372 | D:3      | Found a transporter.
  3382 | D:3      | HP: 1/30 [quasit (1)]
  3383 | D:3      | Slain by a quasit

Illustrated notes

Levels and vault maps discovered:
D:1:      tarquinn_simple_flora_water_e, layout_loops_corners, serial_shops,
          nicolae_square_shop, basic_ecumenical_altar,
          chequers_serial_rivers_marsh, minmay_misc_feat_plants
D:2:      layout_basic, serial_shops, shop, amethyst_killhole
D:3:      layout_basic, gammafunk_ghost_stat_death

Skill      XL: |  1  2  3 |
---------------+----------+-----
Dodging        | 3 |  3.0
Transmutations | 2 |  2.1
Poison Magic   | 4 |  4.3
Short Blades   | |  0.2
Stealth        | |  2.3
Spellcasting   | |  2.7
Summonings     | |  0.6

Action                   |  1- 3 |  4- 6 || total
-------------------------+-------+-------++-------
Melee: Dagger            |    31 |     2 ||    33
       Unarmed           |     3 |       ||     3
       War axe           |       |     2 ||     2
 Cast: Sting             |    55 |     7 ||    62
       Poisonous Vapours |    10 |     2 ||    12
       Magic Dart        |       |     9 ||     9
Evoke: Wand              |     1 |     1 ||     2
  Use: Scroll            |     2 |       ||     2
Armor: Robe              |    13 |    22 ||    35
Dodge: Dodged            |    44 |    36 ||    80
